 Dungeon Crawl Stone Soup version 0.29.1-15-g9cfb28693d (webtiles) character file.

Game seed: 2047812261304862113

595833 leetdood the Invulnerable (level 25, -6/253 (257) HPs)
             Began as a Minotaur Fighter on Mar 9, 2023.
             Was a High Priest of Okawaru.
             Engulfed by an ushabti's foul pestilence (10 damage)
             ... while paralysed
             ... on level 2 of the Tomb of the Ancients on Mar 10, 2023.
             The game lasted 06:28:23 (78193 turns).

leetdood the Invulnerable (Minotaur Fighter)       Turns: 78193, Time: 06:28:23

HP:   -6/253 (257)  AC: 49    Str: 45      XL:     25   Next: 81%
MP:   31/31         EV:  2    Int:  0 (5)  God:    Okawaru [*****.]
Gold: 5060          SH:  0    Dex: 23      Spells: 24/24 levels left

rFire   + . .      SeeInvis +   x - +3 broad axe of the Wilderness {elec, Will++ Str+2}
rCold   + + .      Faith    .   T - +8 tower shield
rNeg    . . .      Spirit   .   U - +12 gold dragon scales
rPois   +          Reflect  +   D - +0 mask of the Dragon {Will+ Slay+3 SInv}
rElec   +          Harm     .   S - +2 cloak {rPois}
rCorr   .          Rampage  +   a - +0 pair of gloves of Qauluere {Rampage Will+ Str+3}
Will    +++++                   c - +2 pair of boots of the Teacher {rC+ Dex+4 Stlth+}
Stlth   ..........              r - amulet "Egemi" {Reflect rElec Str+4 SH+5}
HPRegen 0.52/turn               u - ring of Kemumoont {rElec Dex+6}
MPRegen 0.22/turn               L - +6 ring of strength

@: paralysed, heroic, marked, hasted and slowed, lost intelligence, studying 2
skills, lightly drained, unable to read
A: horns 2, retaliatory headbutt
}: 4/15 runes: decaying, silver, abyssal, gossamer
a: Renounce Religion, Heroism, Finesse, Duel


You were on level 2 of the Tomb of the Ancients.
You worshipped Okawaru.
Okawaru was extremely pleased with you.
You visited 11 branches of the dungeon, and saw 48 of its levels.
You visited the Abyss 1 time.
You also visited: Ice Cave.

You collected 9260 gold pieces.
You spent 4200 gold pieces at shops.

Inventory:

Hand Weapons
 x - the +3 broad axe of the Wilderness (weapon) {elec, Will++ Str+2}
   (Okawaru gifted it to you on level 2 of the Elven Halls)

   It occasionally discharges a powerful burst of electricity upon striking a
   foe.
   Str:       It affects your strength (+2).
   Will:      It greatly increases your willpower.
 J - the +10 war axe of the Maze {flame, *Noise rPois rF+ Int+3}
   (Okawaru gifted it to you on level 2 of the Vaults)

   It burns those it strikes, dealing additional fire damage.
   Big, fiery blades are also staple armaments of hydra-hunters.
   Int:       It affects your intelligence (+3).
   rF:        It protects you from fire.
   rPois:     It protects you from poison.
   *Noise:    It may make noises in combat.
 Y - the +5 broad axe "Ytom" {speed, rPois rCorr}
   (You took it off a deep elf demonologist on level 3 of the Elven Halls)

   Attacks with this weapon are significantly faster.
   rPois:     It protects you from poison.
   rCorr:     It protects you from acid and corrosion.
Missiles
 s - 8 boomerangs
 E - 18 silver javelins (quivered)
 F - 12 curare-tipped darts
 H - 13 atropa-tipped darts
 N - 5 silver boomerangs
 Q - 12 datura-tipped darts
Armour
 a - the +0 pair of gloves of Qauluere (worn) {Rampage Will+ Str+3}
   (Okawaru gifted it to you on level 5 of the Lair of Beasts)

   Str:       It affects your strength (+3).
   Rampage:   It bestows one free step when moving towards enemies.
   Will:      It increases your willpower.
 c - the +2 pair of boots of the Teacher (worn) {rC+ Dex+4 Stlth+}
   (Okawaru gifted it to you on level 2 of the Lair of Beasts)

   Dex:       It affects your dexterity (+4).
   rC:        It protects you from cold.
   Stlth:     It makes you more stealthy.
 t - the +1 hat "Zikahuacs" {rF+ rC+ Dex+2 Slay-5}
   (Okawaru gifted it to you on level 15 of the Dungeon)

   Dex:       It affects your dexterity (+2).
   Slay:      It affects your accuracy & damage with ranged weapons and melee
   (-5).
   rF:        It protects you from fire.
   rC:        It protects you from cold.
 z - +2 pearl dragon scales
 D - the +0 mask of the Dragon (worn) {Will+ Slay+3 SInv}
   (You found it on level 4 of the Spider Nest)

   Slay:      It affects your accuracy & damage with ranged weapons and melee
   (+3).
   SInv:      It lets you see invisible.
   Will:      It increases your willpower.
 S - a +2 cloak of poison resistance (worn)
 T - a +8 tower shield (worn)
 U - +12 gold dragon scales (worn)
Jewellery
 h - a +6 ring of strength
 m - the ring "Noqud" {Fly Int+5}
   (You took it off a tengu reaver on level 5 of the Vaults)

   [ring of flight]

   Int:       It affects your intelligence (+5).
   Fly:       It grants you flight.
 r - the amulet "Egemi" (around neck) {Reflect rElec Str+4 SH+5}
   (You found it on level 2 of the Swamp)

   [amulet of reflection]

   It reflects blocked missile attacks.
   Str:       It affects your strength (+4).
   rElec:     It insulates you from electricity.
   SH:        It affects your SH (+5).
 u - the ring of Kemumoont (left hand) {rElec Dex+6}
   (You bought it in a shop on level 2 of the Orcish Mines)

   [ring of dexterity]

   Dex:       It affects your dexterity (+6).
   rElec:     It insulates you from electricity.
 v - the ring "Deaw" {rPois rF+}
   (You found it on level 5 of the Vaults)

   [ring of protection from fire]

   rF:        It protects you from fire.
   rPois:     It protects you from poison.
 y - a ring of flight
 L - a +6 ring of strength (right hand)
 M - the amulet "Weiskalo" {RegenMP rF+ rC+}
   (You found it on level 12 of the Dungeon)

   [amulet of magic regeneration]

   It increases your rate of magic regeneration.
   rF:        It protects you from fire.
   rC:        It protects you from cold.
Wands
 C - a wand of mindburst (40)
 I - a wand of quicksilver (31)
 P - a wand of roots (64)
 R - a wand of polymorph (22)
 V - a wand of digging (14)
 W - a wand of flame (55)
Scrolls
 b - 8 scrolls of magic mapping
 g - 11 scrolls of enchant weapon
 i - 3 scrolls of brand weapon
 j - 20 scrolls of teleportation
 k - 9 scrolls of poison
 B - a scroll of enchant armour
 O - 12 scrolls of fear
 Z - 2 scrolls of silence
Potions
 d - 10 potions of might
 e - 2 potions of heal wounds
 f - 8 potions of cancellation
 l - 7 potions of invisibility
 o - 12 potions of haste
 p - 6 potions of resistance
 q - 8 potions of flight
 w - 8 potions of brilliance
 A - 24 potions of curing
 G - 4 potions of magic
 K - 11 potions of ambrosia
 X - 6 potions of berserk rage


   Skills:
 O Level 27 Fighting
 O Level 27 Axes
 - Level 10.0(15.0) Throwing
 O Level 27 Armour
 O Level 27 Shields
 + Level 12.7 Invocations


You had 24 spell levels left.
You didn't know any spells.
Your spell library contained the following spells:

 Spells                   Type           Power      Damage    Failure   Level
 Beastly Appendage        Tmut           0%         N/A       93%         1
 Magic Dart               Conj           0%         1d3       93%         1
 Necrotise                Necr           0%         1d4       93%         1
 Sandblast                Erth           0%         2d4       93%         1
 Slow                     Hex            0%         N/A       93%         1
 Blink                    Tloc           0%         N/A       98%         2
 Passwall                 Tmut/Erth      0%         N/A       98%         2
 Searing Ray              Conj           0%         2d4       98%         2
 Static Discharge         Conj/Air       0%         3-3/arc   98%         2
 Sublimation of Blood     Necr           0%         N/A       98%         2
 Wereblood                Tmut           0%         N/A       98%         2
 Confusing Touch          Hex            0%         N/A       100%        3
 Dazzling Flash           Conj/Hex       0%         N/A       100%        3
 Frozen Ramparts          Ice            0%         1d1       100%        3
 Ignite Poison            Fire/Tmut/Pois 0%         N/A       100%        3
 Inner Flame              Hex/Fire       0%         N/A       100%        3
 Lesser Beckoning         Tloc           0%         N/A       100%        3
 Mephitic Cloud           Conj/Pois/Air  0%         N/A       100%        3
 Ozocubu's Armour         Ice            0%         N/A       100%        3
 Portal Projectile        Hex/Tloc       0%         N/A       100%        3
 Spider Form              Tmut/Pois      0%         N/A       100%        3
 Stone Arrow              Conj/Erth      0%         3d7       100%        3
 Vampiric Draining        Necr           0%         2d6       100%        3
 Airstrike                Air            0%         2d(0-16)  100%        4
 Anguish                  Hex/Necr       0%         N/A       100%        4
 Cause Fear               Hex            0%         N/A       100%        4
 Corpse Rot               Necr/Pois/Air  0%         N/A       100%        4
 Dispel Undead            Necr           0%         3d6       100%        4
 Fulminant Prism          Conj/Hex       0%         3d6       100%        4
 Iskenderun's Mystic Bla  Conj/Tloc      0%         2d3       100%        4
 Leda's Liquefaction      Hex/Erth       0%         N/A       100%        4
 Olgreb's Toxic Radiance  Pois           0%         N/A       100%        4
 Passage of Golubria      Tloc           0%         N/A       100%        4
 Petrify                  Tmut/Erth      0%         N/A       100%        4
 Agony                    Necr           0%         N/A       100%        5
 Blade Hands              Tmut           0%         N/A       100%        5
 Borgnjor's Vile Clutch   Necr/Erth      0%         N/A       100%        5
 Fireball                 Conj/Fire      0%         3d3       100%        5
 Freezing Cloud           Conj/Ice/Air   0%         6-21      100%        5
 Irradiate                Conj/Tmut      0%         3d11      100%        5
 Iskenderun's Battlesphe  Conj           0%         2d6       100%        5
 Lightning Bolt           Conj/Air       0%         1d11      100%        5
 Manifold Assault         Tloc           0%         N/A       100%        5
 Metabolic Englaciation   Hex/Ice        0%         N/A       100%        5
 Silence                  Hex/Air        0%         N/A       100%        5
 Conjure Ball Lightning   Conj/Air       0%         3x3d6     100%        6
 Dispersal                Tloc           0%         N/A       100%        6
 Iron Shot                Conj/Erth      0%         9d1       100%        6
 Starburst                Conj/Fire      0%         6d3       100%        6
 Dragon Form              Tmut           0%         N/A       100%        7
 Orb of Destruction       Conj           0%         9d5       100%        7
 Ozocubu's Refrigeration  Ice            0%         4d7       100%        7
 Storm Form               Tmut/Air       0%         N/A       100%        7
 Borgnjor's Revivificati  Necr           0%         N/A       100%        8
 Discord                  Hex            0%         N/A       100%        8
 Disjunction              Tloc           0%         N/A       100%        8
 Ignition                 Fire           0%         3d3       100%        8
 Lehudib's Crystal Spear  Conj/Erth      0%         10d2      100%        8
 Maxwell's Capacitive Co  Air            0%         ∞         100%        8
 Necromutation            Tmut/Necr      0%         N/A       100%        8
 Polar Vortex             Ice            0%         N/A       100%        9
 Call Imp                 Summ           Unusable   N/A       N/A         2
 Call Canine Familiar     Summ           Unusable   N/A       N/A         3
 Animate Armour           Summ/Erth      Unusable   N/A       N/A         4
 Summon Lightning Spire   Summ/Air       Unusable   N/A       N/A         4
 Death Channel            Necr           Unusable   N/A       N/A         6
 Simulacrum               Ice/Necr       Unusable   N/A       N/A         6
 Haunt                    Necr/Summ      Unusable   N/A       N/A         7
 Summon Hydra             Summ           Unusable   N/A       N/A         7
 Dragon's Call            Summ           Unusable   N/A       N/A         9

Dungeon Overview and Level Annotations

Branches:
Dungeon (15/15)            Temple (1/1) D:4            Lair (5/5) D:10
  Swamp (4/4) Lair:3       Spider (4/4) Lair:2        Slime (0/5) Lair:5
    Orc (2/2) D:9             Elf (3/3) Orc:2        Vaults (5/5) D:13
  Crypt (3/3) Vaults:2       Tomb (2/3) Crypt:3      Depths (4/4) D:15
    Zot (0/5) Depths:4      IceCv (visited)

Altars:
Ashenzari
Cheibriados
Dithmenos
Elyvilon
Fedhas
Gozag
Hepliaklqana
Kikubaaqudgha
Makhleb
Nemelex Xobeh
Okawaru
Qazlal
Ru
Sif Muna
Trog
Uskayaw
Vehumet
Wu Jian
Xom
Yredelemnul
Zin
The Shining One
Jiyva
Lugonu

Shops:
D:2 [   D:4 [*[=   D:15 ?   Orc:2 :===[   Elf:1 [   Elf:2 *   Elf:3 ?
Vaults:1 (   Vaults:2 [   Vaults:3 (   Vaults:4 (

Portals:
Hell: Depths:1 Depths:2 Depths:3 Depths:4
Abyss: Depths:1 Depths:2 Depths:3 Depths:4
Pandemonium: Depths:1 Depths:2
Ziggurat: Depths:3
Trove: D:15 (give +3 shadow dragon scales)

Annotations:
Elf:2 1 runed translucent door


Innate Abilities, Weirdness & Mutations

You have a pair of horns on your head.
You reflexively headbutt those who attack you in melee.


Message History

The mummy priest is almost destroyed.
You slash the golden dragon simulacrum!
Lightning courses through the golden dragon simulacrum!!
The golden dragon simulacrum vaporises!
You slice the freezing wraith!!
You block the freezing wraith's attack. x2
You hit the mummy priest. You headbutt the mummy priest.
You destroy the mummy priest!
Okawaru accepts your kill.
The freezing wraith disappears in a puff of smoke!
You feel extremely nervous for a moment...
Pain shoots through your body!
* * * LOW HITPOINT WARNING * * *
A mummy priest comes into view.
You slash the mummy!
You headbutt the mummy, but do no damage.
The mummy is almost destroyed.
You hit the mummy.
You destroy the mummy!
You block the mummy priest's attack.
The ushabti shakes and rattles deafeningly!
You slice the mummy priest!!
You headbutt the mummy priest, but do no damage.
The mummy priest is moderately damaged.
You slice the mummy priest!!
The mummy priest is severely damaged.
The mummy priest calls on the powers of darkness!
Your body is wracked with pain!
* * * LOW HITPOINT WARNING * * *
The ushabti shakes and rattles.
The vile air hits you but does no damage.
You chop the mummy priest into pieces!!!
You destroy the mummy priest!
Okawaru accepts your kill.
You feel extremely nervous for a moment...
You are engulfed in negative energy!
You feel dopey.
You have lost your intelligence.
You are engulfed in dark miasma.
* * * LOW HITPOINT WARNING * * *
You are engulfed in dark miasma.
You die...

.§§..##.§.
##z##. B. ###
.. $ ##. ..#
...# ...# ....#
##### ####....#
.)...|#.@.....#
^.....#○..^...#
^.....9..^....#
.:....#.......#
......#....^..#
##### #########


You could see an ushabti.

Vanquished Creatures
  3 dread liches
  3 ancient liches
  Mara (Swamp:4)
  Mennas (Vaults:4)
  3 royal mummies
  Parghit (Depths:3)
  Vv (Depths:4)
  Saint Roka (Vaults:4)
  Jory (Crypt:3)
  A golden dragon (Depths:4)
  5 bone dragons
  3 doom hounds (Crypt:1)
  A Tzitzimitl (Crypt:2)
  The ghost of contendunt the Acrobat, an adept MiFi of Okawaru (Swamp:2)
  2 hellephants (Crypt:2)
  3 tentacled monstrosities (Vaults:5)
  A walking divine tome (Depths:1)
  6 titans
  5 liches
  A shard shrike skeleton (Crypt:2)
  3 quicksilver dragons
  2 walking frostbound tomes
  Grunn (Crypt:1)
  2 deep elf blademasters (Elf:3)
  2 deep elf master archers (Elf:3)
  A walking earthen tome (Depths:4)
  13 sphinxes
  6 ancient champions
  A tentacled starspawn (Abyss:3)
  8 tengu reavers
  4 thorn hunters
  Kirke (D:15)
  3 storm dragons (Vaults:5)
  6 shadow dragons
  A frost giant (shapeshifter) (Vaults:5)
  4 revenants
  A draconian knight (Depths:4)
  8 ghost moths
  2 iron dragons
  10 fire giants
  A fenstrider witch (Swamp:4)
  Louise (Spider:4)
  4 deep elf sorcerers
  7 frost giants
  4 balrugs
  14 vault wardens
  4 emperor scorpions
  3 deep elf elementalists (Elf:3)
  3 curse skulls
  An orc warlord (Vaults:3)
  A caustic shrike zombie (Depths:3)
  A juggernaut zombie (Crypt:3)
  5 reapers
  3 ghouls
  6 war gargoyles
  2 draconian annihilators (Depths:4)
  A juggernaut skeleton (Depths:1)
  17 ironbound preservers
  4 spriggan defenders
  A broodmother (Depths:4)
  20 very ugly things
  3 eleionomae
  3 yellow draconians (Depths:4)
  12 ironbound thunderhulks
  11 deep elf demonologists
  15 stone giants
  A black draconian (Depths:4)
  A putrid mouth (Crypt:1)
  2 bennus (Tomb:1)
  12 vampire knights
  A purple draconian (Depths:4)
  3 dire elephants (Vaults:1)
  Azrael (D:14)
  6 bunyips
  5 deep elf annihilators
  3 entropy weavers
  2 eidola
  6 spark wasps
  A red draconian (Depths:4)
  Josephine (D:13)
  2 blizzard demons (Depths:1)
  16 ettins
  11 mummy priests
  A merfolk impaler (Depths:3)
  A merfolk javelineer (Depths:3)
  The ghost of hawla the Thaumaturge, a journeyman MeFE of Vehumet (Lair:2)
  9 deep elf death magi
  7 jiangshi
  4 crystal guardians
  4 great orbs of eyes
  Fannar (D:10)
  2 spriggan zombies (Crypt:1)
  18 yaktaur captains
  A shambling mangrove (Swamp:2)
  6 fire dragons
  6 ice dragons
  3 rakshasas
  6 deep elf high priests
  Erolcha (D:10)
  2 peacekeepers
  10 spriggan air magi
  A spectral tengu (Depths:2)
  A hell beast (Depths:1)
  36 vault guards
  9 boulder beetles
  2 ghost crabs (Swamp:1)
  8 ironbound frosthearts
  A spriggan skeleton (Crypt:1)
  6 ogre magi
  4 catoblepae
  6 centaur warriors
  21 hydras
  2 jorogumos (Spider:3)
  7 alligators
  5 radroaches
  An Orb Guardian skeleton (Crypt:1)
  6 death yaks (Lair:3)
  22 two-headed ogres
  A death knight (Crypt:1)
  2 satyrs (Abyss:3)
  33 dancing weapons
  13 tengu warriors
  7 vampire magi
  15 death scarabs
  A thrashing horror (Abyss:3)
  8 spriggan berserkers
  9 deep troll shamans
  An orc high priest (Elf:3)
  4 soul eaters
  2 sun demons
  10 deep troll earth magi
  34 hell knights
  An emperor scorpion zombie (Crypt:2)
  Sonja (Lair:1)
  Nergalle (D:10)
  14 deep elf knights
  2 shadow wraiths
  4 sixfirhies
  2 storm dragon zombies (Depths:3)
  A wretched star (Abyss:3)
  A fire crab (D:14)
  25 skeletal warriors
  8 pharaoh ants
  10 iron trolls
  A spark wasp zombie (Depths:2)
  3 storm dragon skeletons
  A sun moth (Spider:1)
  A fire crab (shapeshifter) (Vaults:5)
  4 goliath frogs
  83 deep trolls
  A glowing orange brain (Vaults:4)
  A bunyip zombie (Crypt:1)
  3 golden dragon zombies
  2 sea snakes (shapeshifter)
  8 steelbarb worms
  6 spriggan druids
  12 bog bodies
  A shadow demon (Depths:2)
  6 orb spiders
  An anaconda zombie (Tomb:1)
  A glowing orange brain (shapeshifter) (Vaults:5)
  10 flayed ghosts
  7 starcursed masses (Abyss:3)
  A steelbarb worm (shapeshifter) (Depths:3)
  An obsidian statue (IceCv)
  12 swamp dragons
  An orange crystal statue (IceCv)
  4 spriggan simulacra
  15 wizards
  10 phantasmal warriors
  6 deep elf archers
  2 orc knights
  2 golden dragon skeletons
  7 lindwurms
  2 tengu zombies
  25 deep elf pyromancers
  17 deep elf zephyrmancers
  5 spectral wolf spiders (Spider:2)
  22 necromancers
  16 ironbound convokers
  24 wolf spiders
  A tengu skeleton (Depths:3)
  5 wolf spider zombies (Spider:2)
  A jorogumo zombie (Crypt:1)
  3 fire giant zombies
  3 orc sorcerers
  49 ugly things
  A shadow dragon skeleton (Depths:1)
  7 cyclopes
  A cyclops (shapeshifter) (Vaults:5)
  A stone giant zombie (Crypt:1)
  A worldbinder (Abyss:3)
  18 elephants
  A sphinx skeleton (Depths:2)
  3 will-o-the-wisps
  3 manticores
  A fire giant skeleton (Depths:3)
  A dire elephant zombie (Crypt:3)
  A rust devil (Depths:2)
  A frost giant skeleton (Depths:3)
  2 guardian serpents (Abyss:3)
  A smoke demon (Depths:2)
  5 orange demons
  11 apocalypse crabs
  5 moths of wrath
  17 vault sentinels
  A torpor snail (shapeshifter) (Vaults:2)
  A centaur zombie (Crypt:3)
  A torpor snail (Spider:1)
  A water nymph (shapeshifter) (Vaults:5)
  3 gargoyles
  7 black mambas
  8 cane toads
  An eye of devastation (shapeshifter) (Vaults:5)
  A naga skeleton (Crypt:3)
  A cane toad (shapeshifter) (D:14)
  2 unseen horrors
  9 demonic crawlers
  14 komodo dragons
  Psyche (D:11)
  A tormentor (Crypt:2)
  A rime drake (Lair:1)
  3 tengu conjurers
  6 kobold demonologists
  9 guardian mummies
  3 anaconda simulacra (IceCv)
  3 efreet
  6 ice devils
  7 freezing wraiths
  34 yaktaurs
  3 harpy zombies
  3 hellwings
  2 ancient zymes (Abyss:3)
  2 wolf spider simulacra (Spider:2)
  7 polar bears
  12 trolls
  6 meliai (Spider:2)
  41 slime creatures
  19 tarantellas
  8 tyrant leeches
  A harpy skeleton (Crypt:3)
  19 hornets
  2 large abominations (Elf:1)
  5 blink frogs (Lair:5)
  A raiju (Abyss:3)
  A hydra skeleton (Crypt:3)
  14 dream sheep (Lair:5)
  33 flying skulls (Crypt:3)
  A spriggan (shapeshifter) (Depths:4)
  24 jumping spiders
  27 culicivoras
  An ettin skeleton (Crypt:3)
  2 shadows (D:12)
  A centaur simulacrum (D:14)
  2 vampires
  A yak (shapeshifter) (Vaults:5)
  30 spriggans
  4 ushabtiu (Tomb:1)
  An air elemental (Elf:2)
  42 yaks
  7 water elementals
  3 fire bats (Lair:5)
  3 hogs (D:15)
  A human (shapeshifter) (Vaults:5)
  10 wraiths
  4 wyverns
  6 fire elementals
  A ynoxinul (Depths:1)
  8 basilisks
  20 humans (D:13)
  2 minotaur simulacra (IceCv)
  A golden eye (shapeshifter) (D:14)
  7 vampire mosquitoes
  54 redbacks
  2 neqoxecs
  21 swamp worms
  Menkaure (D:5)
  A water nymph zombie (Crypt:2)
  2 wargs (Orc:2)
  3 acid dragons
  3 hell hounds (D:14)
  3 harpy simulacra
  18 water moccasins
  A hydra simulacrum (IceCv)
  2 floating eyes (Depths:1)
  8 swamp drakes (Swamp:4)
  14 orc warriors
  2 ice beasts
  A blink frog zombie (Crypt:2)
  6 black bears
  26 ogres
  25 wolves
  4 boggarts (Lair:5)
  7 centaurs
  A komodo dragon zombie (Crypt:2)
  2 phantoms
  9 necrophages
  6 kobold brigands
  4 elf zombies
  9 bullfrogs
  3 earth elementals
  4 deep troll simulacra (IceCv)
  A gnoll sergeant (D:8)
  A komodo dragon skeleton (Crypt:2)
  5 scorpions
  An elf skeleton (Crypt:1)
  5 wights (D:9)
  5 jellies
  5 killer bees (D:9)
  A lindwurm simulacrum (IceCv)
  7 electric eels
  3 howler monkeys
  2 small abominations (Abyss:3)
  2 human zombies (Crypt:1)
  8 orc priests
  4 hounds
  A human skeleton (Crypt:1)
  4 iguanas
  15 orc wizards
  24 mummies
  A howler monkey zombie (Crypt:1)
  4 gnolls
  A howler monkey skeleton (Crypt:1)
  14 adders
  An adder skeleton (Crypt:1)
  4 worms
  5 dart slugs
  63 orcs
  4 ball pythons
  4 endoplasms
  5 giant cockroaches
  2 hobgoblins
  7 jackals
  2 quokkas
  4 bats
  2 frilled lizards (D:3)
  6 goblins
  34 kobolds
  6 rats
  A butterfly (Lair:4)
  A lurking horror (Abyss:3)
  2 starspawn tentacles (Abyss:3)
2263 creatures vanquished.

Vanquished Creatures (others)
  A war gargoyle (Vaults:5)
  A spriggan skeleton (Tomb:1)
  2 deep elf zephyrmancers (Elf:2)
  2 bloated husks
  A jumping spider (Spider:3)
  A water elemental (Elf:3)
  An orc (Orc:2)
  A briar patch (Swamp:4)
  A butterfly (D:6)
  12 foxfires
  54 fungi
  124 plants
201 creatures vanquished.

Grand Total: 2464 creatures vanquished

Notes
Turn   | Place    | Note
-------+----------+-------------------------------------------
     0 | D:1      | leetdood the Minotaur Fighter began the quest for the Orb.
     0 | D:1      | Reached XP level 1. HP: 19/19 MP: 0/0
   260 | D:1      | Reached XP level 2. HP: 24/27 MP: 1/1
   765 | D:1      | Found a faded altar of an unknown god.
   896 | D:2      | Found Ucwedgh's Antique Armour Emporium.
  1087 | D:2      | Reached XP level 3. HP: 33/33 MP: 2/2
  1554 | D:2      | Bought a glowing ring mail for 147 gold pieces
  1953 | D:3      | Found a shimmering altar of Xom.
  2419 | D:4      | Found Baba's Jewellery Boutique.
  2436 | D:4      | Found a sacrificial altar of Ru.
  2443 | D:4      | Reached XP level 4. HP: 41/41 MP: 3/3
  2445 | D:4      | Noticed a scorpion
  2453 | D:4      | Killed a scorpion
  2462 | D:4      | Reached XP level 5. HP: 35/47 MP: 2/4
  2465 | D:4      | Noticed a phantom
  2475 | D:4      | Killed a phantom
  2476 | D:4      | Reached skill level 5 in Fighting
  2476 | D:4      | Reached skill level 5 in Armour
  2476 | D:4      | Reached skill level 5 in Shields
  2618 | D:4      | Reached XP level 6. HP: 50/56 MP: 3/5
  2748 | D:4      | Found a snail-covered altar of Cheibriados.
  2975 | D:4      | Found a staircase to the Ecumenical Temple.
  2984 | Temple   | Entered the Ecumenical Temple
  3041 | D:4      | Found Mufosuc's Antique Armour Shop.
  3090 | D:4      | Found Ymeogo Teer's General Store.
  3268 | D:4      | Identified the +2 leather armour of Zijalot {Str+4 Dex+3}
  3510 | D:4      | Found a sparkling altar of Nemelex Xobeh.
  3537 | D:4      | Found Vicaung's Armour Shop.
  3631 | D:5      | Entered Level 5 of the Dungeon
  3751 | D:5      | Found a shimmering blue altar of Sif Muna.
  3795 | D:5      | Reached skill level 5 in Axes
  3795 | D:5      | Reached XP level 7. HP: 53/62 MP: 3/6
  4027 | D:5      | Found a bloodstained altar of Trog.
  4131 | D:5      | Found an ornate altar of the Wu Jian Council.
  4298 | D:5      | Noticed Menkaure
  4305 | D:5      | Killed Menkaure
  4801 | D:5      | Reached XP level 8. HP: 65/71 MP: 4/7
  5527 | D:6      | Found a white marble altar of Elyvilon.
  5795 | D:6      | Identified the -1 pair of boots of Boddikh {rN+ Int+4
                  | Dex+5}
  6098 | D:7      | Reached XP level 9. HP: 74/80 MP: 6/8
  6347 | D:7      | Found an iron altar of Okawaru.
  6416 | D:7      | Became a worshipper of Warmaster Okawaru
  6562 | D:7      | Found a basalt altar of Yredelemnul.
  6688 | D:7      | Identified the +6 great sword "Poufyn" {vamp, *Corrode
                  | rN++}
  7003 | D:8      | Noticed a troll
  7015 | D:8      | Killed a troll
  7696 | D:4      | Bought a +0 plate armour for 276 gold pieces
  8062 | D:8      | Identified 2 scrolls of acquirement
  8062 | D:8      | Acquired a +0 battleaxe of electrocution
  8124 | D:8      | Acquired 739 gold pieces
  8273 | D:4      | Bought a runed plate armour for 650 gold pieces
  8536 | D:9      | Noticed a gargoyle
  8550 | D:9      | Killed a gargoyle
  8551 | D:9      | Reached skill level 10 in Axes
  8652 | D:9      | Reached * piety under Okawaru
  8730 | D:9      | Found a staircase to the Orcish Mines.
  8832 | D:9      | Reached XP level 10. HP: 58/90 MP: 6/9
  9123 | D:9      | Reached ** piety under Okawaru
  9343 | D:9      | Found a glowing silver altar of Zin.
  9360 | D:9      | Found a glowing golden altar of the Shining One.
  9389 | D:9      | Identified the +2 robe of Sin {rF+ rC+ Will+ Regen+ Dex-2}
  9496 | D:9      | Found a stormy altar of Qazlal.
  9983 | D:10     | Entered Level 10 of the Dungeon
 10013 | D:10     | Reached skill level 1 in Invocations
 10018 | D:10     | Noticed a gargoyle
 10307 | D:10     | Noticed Fannar
 10423 | D:9      | Reached *** piety under Okawaru
 10599 | D:10     | Killed a gargoyle
 11110 | D:10     | Found a broken altar of Ashenzari.
 11141 | D:10     | Found a staircase to the Lair.
 11145 | D:11     | Noticed a seven-headed hydra
 11166 | D:10     | Killed Fannar
 11166 | D:10     | Reached **** piety under Okawaru
 11167 | D:10     | Reached skill level 10 in Fighting
 11167 | D:10     | Reached skill level 10 in Armour
 11167 | D:10     | Reached XP level 11. HP: 61/99 MP: 6/12
 11225 | D:10     | Noticed Nergalle
 11233 | D:10     | Noticed a spectral orc warlord
 11245 | D:10     | Killed Nergalle
 11246 | D:10     | Reached skill level 10 in Shields
 11655 | D:10     | Noticed Erolcha
 12095 | D:10     | Killed Erolcha
 12351 | Lair:1   | Entered Level 1 of the Lair of Beasts
 12721 | Lair:1   | Noticed Sonja
 12730 | Lair:1   | Killed Sonja
 13452 | D:4      | Bought a +6 ring of strength for 432 gold pieces
 13837 | Lair:1   | Reached ***** piety under Okawaru
 14221 | Lair:2   | Found a runed translucent door.
 14221 | Lair:2   | Noticed hawla's ghost (journeyman MeFE)
 14291 | Lair:2   | Identified the +2 pair of boots of the Teacher {rC+ Dex+4
                  | Stlth+} (Okawaru gifted it to you on level 2 of the Lair of
                  | Beasts)
 14291 | Lair:2   | Received a gift from Okawaru
 14292 | Lair:2   | Reached skill level 5 in Invocations
 14337 | Lair:2   | Noticed a catoblepas
 14351 | Lair:2   | Killed a catoblepas
 14352 | Lair:2   | Reached XP level 12. HP: 90/110 MP: 9/14
 14462 | Lair:2   | Noticed a boulder beetle
 14511 | Lair:2   | Killed a boulder beetle
 14656 | Lair:2   | Reached skill level 1 in Throwing
 14877 | Lair:2   | Found a hole to the Spider Nest.
 14936 | Lair:2   | Noticed a seven-headed hydra
 14947 | Lair:2   | Killed a seven-headed hydra
 15635 | Lair:2   | Killed hawla's ghost
 16060 | Lair:3   | Reached skill level 15 in Axes
 16120 | Lair:3   | Noticed a death yak
 16120 | Lair:3   | Noticed a death yak
 16137 | Lair:3   | Noticed a death yak
 16138 | Lair:3   | Killed a death yak
 16141 | Lair:3   | Noticed a death yak
 16147 | Lair:3   | Killed a death yak
 16149 | Lair:3   | Noticed a death yak
 16154 | Lair:3   | Noticed a death yak
 16156 | Lair:3   | Killed a death yak
 16156 | Lair:3   | Received a gift from Okawaru
 16163 | Lair:3   | Killed a death yak
 16169 | Lair:3   | Killed a death yak
 16180 | Lair:3   | Killed a death yak
 16180 | Lair:3   | Received a gift from Okawaru
 16396 | Lair:3   | Reached XP level 13. HP: 108/118 MP: 12/15
 17173 | Lair:3   | Found a staircase to the Swamp.
 17391 | Lair:4   | Received a gift from Okawaru
 18079 | Lair:4   | Reached skill level 5 in Throwing
 18680 | Lair:5   | Entered Level 5 of the Lair of Beasts
 19276 | Lair:5   | Identified the +0 pair of gloves of Qauluere {Rampage Will+
                  | Str+3} (Okawaru gifted it to you on level 5 of the Lair of
                  | Beasts)
 19276 | Lair:5   | Received a gift from Okawaru
 19778 | Lair:5   | Reached XP level 14. HP: 74/129 MP: 14/17
 20708 | Lair:5   | Found a hide-covered altar of Uskayaw.
 21216 | Lair:5   | Found a viscous altar of Jiyva.
 21217 | Lair:5   | Found a staircase to the Slime Pits.
 21691 | D:11     | Acquired 513 gold pieces
 21701 | D:11     | Noticed Psyche
 21710 | D:11     | Killed Psyche
 21777 | D:11     | Received a gift from Okawaru
 22473 | D:12     | Received a gift from Okawaru
 22601 | D:12     | Received a gift from Okawaru
 23030 | D:12     | Identified the amulet "Weiskalo" {RegenMP rF+ rC+}
 24442 | D:13     | Noticed Josephine
 24451 | D:13     | Killed Josephine
 25046 | D:13     | Found a gate to the Vaults.
 25342 | D:13     | Reached ****** piety under Okawaru
 25368 | D:13     | Reached XP level 15. HP: 124/139 MP: 17/20
 25834 | D:14     | Noticed Azrael
 25850 | D:14     | Killed Azrael
 25862 | D:14     | Identified the +0 scale mail of Velaet {-Tele rC+ Slay+6}
                  | (Okawaru gifted it to you on level 14 of the Dungeon)
 25862 | D:14     | Received a gift from Okawaru
 26100 | D:14     | Found a radiant altar of Vehumet.
 26143 | D:14     | Reached skill level 15 in Armour
 26170 | D:14     | Reached skill level 15 in Shields
 26307 | D:14     | Reached skill level 15 in Fighting
 27185 | D:15     | Entered Level 15 of the Dungeon
 27400 | D:15     | Identified the +4 rapier of the Trees {venom, rPois Str+5
                  | Int-5 SInv}
 27458 | D:15     | Received a gift from Okawaru
 27504 | D:15     | Found a staircase to the Depths.
 27504 | D:15     | Noticed a frost giant
 27509 | D:15     | Killed a frost giant
 27610 | D:15     | Noticed Kirke
 27630 | D:15     | Killed Kirke
 27756 | D:15     | Identified the +1 hat "Zikahuacs" {rF+ rC+ Dex+2 Slay-5}
                  | (Okawaru gifted it to you on level 15 of the Dungeon)
 27756 | D:15     | Received a gift from Okawaru
 28150 | D:15     | Identified the +7 rapier of the Candelabrum {freeze, Drain
                  | rElec Int+3 Dex+2}
 28203 | D:15     | Found a portal to a secret trove of treasure.
 28602 | D:15     | Found Pezanex's Magic Scroll Shoppe.
 28610 | D:15     | Bought a scroll of teleportation for 57 gold pieces
 28610 | D:15     | Bought a scroll of enchant weapon for 142 gold pieces
 28744 | D:15     | Identified the +1 leather armour of Hide-and-Seek {Fly
                  | MP+9}
 28963 | Orc:1    | Entered Level 1 of the Orcish Mines
 29030 | Orc:2    | Entered Level 2 of the Orcish Mines
 29037 | Orc:2    | Reached XP level 16. HP: 125/148 MP: 15/21
 29853 | Orc:2    | Found Elicigg's Book Shoppe.
 29885 | Orc:2    | Found Zugusho's Jewellery Shoppe.
 29889 | Orc:2    | Found Silocuak's Jewellery Shop.
 29890 | Orc:2    | Found Hajash's Jewellery Emporium.
 29891 | Orc:2    | Found Roumomov's Armour Emporium.
 29961 | Orc:2    | Bought the ring of Kemumoont {rElec Dex+6} for 650 gold
                  | pieces
 29984 | Orc:2    | Received a gift from Okawaru
 30053 | Orc:2    | Found a staircase to the Elven Halls.
 30375 | Orc:2    | Found Zugusho's Jewellery Shoppe.
 30377 | Orc:2    | Found Silocuak's Jewellery Shop.
 30381 | Orc:2    | Found Roumomov's Armour Emporium.
 30382 | Orc:2    | Found Hajash's Jewellery Emporium.
 30515 | Orc:2    | Found Elicigg's Book Shoppe.
 30653 | Orc:2    | Bought a ring of willpower for 375 gold pieces
 30945 | D:4      | Bought an amulet of reflection for 360 gold pieces
 31270 | Swamp:1  | Entered Level 1 of the Swamp
 32235 | Swamp:2  | Found a transporter.
 32483 | Swamp:2  | Found a transporter.
 32485 | Swamp:2  | Noticed contendunt's ghost (adept MiFi)
 32857 | Swamp:2  | Killed contendunt's ghost
 32932 | Swamp:2  | Identified the amulet "Egemi" {Reflect rElec Str+4 SH+5}
 33124 | Swamp:3  | Received a gift from Okawaru
 33230 | Swamp:3  | Noticed a thorn hunter
 33238 | Swamp:3  | Killed a thorn hunter
 33820 | Swamp:4  | Entered Level 4 of the Swamp
 33864 | Swamp:4  | Identified the +7 arbalest of the Dwarven Hall {vorpal,
                  | Will++ Int+3}
 33933 | Swamp:4  | Reached XP level 17. HP: 36/163 MP: 17/22
 34703 | Swamp:4  | Noticed Mara
 34721 | Swamp:4  | Noticed leetdood's illusion
 34750 | Swamp:4  | Killed Mara
 35372 | Swamp:4  | Received a gift from Okawaru
 35997 | Swamp:4  | Got a decaying rune of Zot
 36179 | Spider:1 | Entered Level 1 of the Spider Nest
 37127 | Spider:2 | Received a gift from Okawaru
 37128 | Spider:2 | Found a frozen archway.
 37164 | IceCv    | Entered an ice cave
 37350 | IceCv    | Lost intelligence.
 37539 | IceCv    | Identified the +1 helmet "Uli Udila" {Int+5 Dex+4}
 38539 | Spider:2 | Received a gift from Okawaru
 38616 | Spider:2 | Lost intelligence.
 39336 | Spider:2 | Identified the +1 trident "Ysseedu" {vorpal, Fly rF- Int+5}
 40198 | Spider:2 | Reached XP level 18. HP: 61/178 MP: 18/23
 40850 | Spider:3 | Received a gift from Okawaru
 41035 | Spider:3 | Received a gift from Okawaru
 41440 | Spider:4 | Entered Level 4 of the Spider Nest
 41580 | Spider:4 | Received a gift from Okawaru
 41728 | Spider:4 | Noticed Louise
 41758 | Spider:4 | Killed Louise
 42494 | Spider:4 | Received a gift from Okawaru
 42663 | Spider:4 | Received a gift from Okawaru
 42997 | Spider:4 | Found the +0 mask of the Dragon {Will+ Slay+3 SInv}
 43026 | Spider:4 | Got a gossamer rune of Zot
 43406 | Vaults:1 | Entered Level 1 of the Vaults
 43456 | Vaults:1 | Identified the +4 shortbow of Generosity {venom, rF- rN++
                  | rCorr}
 43609 | Vaults:1 | Identified the -1 pair of boots of Faoralaw {*Slow rElec
                  | rPois rCorr} (Okawaru gifted it to you on level 1 of the
                  | Vaults)
 43609 | Vaults:1 | Received a gift from Okawaru
 43918 | Vaults:1 | Reached XP level 19. HP: 119/187 MP: 19/24
 44945 | Vaults:1 | Found Gode's Weapon Shoppe.
 45595 | Vaults:2 | Identified the +10 war axe of the Maze {flame, *Noise rPois
                  | rF+ Int+3} (Okawaru gifted it to you on level 2 of the
                  | Vaults)
 45595 | Vaults:2 | Received a gift from Okawaru
 45751 | Vaults:2 | Found a staircase to the Crypt.
 46171 | Vaults:2 | Found Xexteeta's Armour Shop.
 46873 | Vaults:3 | Identified the +2 scale mail of a volcano {Will+ Str+2
                  | SInv}
 46904 | Vaults:3 | Identified the +2 quarterstaff "Wachinow" {vorpal, rC+}
                  | (Okawaru gifted it to you on level 3 of the Vaults)
 46904 | Vaults:3 | Received a gift from Okawaru
 47498 | Vaults:3 | Found Letaptu's Weapon Shop.
 47525 | Vaults:3 | Reached XP level 20. HP: 197/200 MP: 25/25
 48145 | Vaults:3 | Received a gift from Okawaru
 48732 | Vaults:4 | Noticed Saint Roka
 48745 | Vaults:4 | Identified the +2 kite shield of Ikyn {rElec Regen+ Int+2}
                  | (Okawaru gifted it to you on level 4 of the Vaults)
 48745 | Vaults:4 | Received a gift from Okawaru
 48772 | Vaults:4 | Killed Saint Roka
 49663 | Vaults:4 | Noticed Mennas
 49690 | Vaults:4 | Killed Mennas
 49815 | Vaults:4 | Found Geipn's Weapon Emporium.
 50976 | Elf:1    | Entered Level 1 of the Elven Halls
 51448 | Elf:1    | Found Ittarap's Antique Armour Boutique.
 51494 | Elf:1    | Bought a glowing plate armour for 468 gold pieces
 51494 | Elf:1    | Bought a shiny plate armour for 468 gold pieces
 51776 | Elf:1    | Received a gift from Okawaru
 51797 | Elf:1    | Got the Grimoire of Black Secrets
 51946 | Elf:2    | Found Suumiun's Assorted Antiques.
 52032 | Elf:2    | Paralysed by an air elemental for 1 turns
 52034 | Elf:2    | Paralysed by an air elemental for 1 turns
 52062 | Elf:2    | Identified the +3 broad axe of the Wilderness {elec, Will++
                  | Str+2} (Okawaru gifted it to you on level 2 of the Elven
                  | Halls)
 52062 | Elf:2    | Received a gift from Okawaru
 52142 | Elf:2    | Reached XP level 21. HP: 212/212 MP: 26/26
 52175 | Elf:2    | Found a runed translucent door.
 52211 | Elf:2    | Found a runed translucent door.
 53201 | Elf:3    | Entered Level 3 of the Elven Halls
 53268 | Elf:3    | Received a gift from Okawaru
 53505 | Elf:3    | Found Efetouk's Magic Scroll Shop.
 53868 | Arena    | Entered the Arena
 54327 | Elf:3    | Identified the +8 dagger of Riding Extinguishment {protect,
                  | Fly}
 54771 | Elf:3    | Identified the +5 broad axe "Ytom" {speed, rPois rCorr}
 54771 | Elf:3    | Identified the ring of Billooc {rC+ Dex+3}
 54810 | Elf:3    | Identified the +1 scale mail "Xilovo Ycos" {Drain +Blink
                  | rPois Regen+}
 55114 | Elf:3    | Identified the +1 robe "Isiudaeh" {rPois Str+3}
 55129 | Elf:3    | Identified the +0 trident of Lecebupex {drain, Str+6 Dex-3}
 55142 | Elf:3    | Identified the +1 cloak of Peuwococ {rC+ Dex+3}
 55666 | Depths:1 | Entered Level 1 of the Depths
 55854 | Depths:1 | Received a gift from Okawaru
 56078 | Depths:1 | Found a one-way gate leading to the halls of Pandemonium.
 56212 | Depths:1 | Found a one-way gate to the infinite horrors of the Abyss.
 56448 | Depths:1 | Found a gateway to Hell.
 56829 | Depths:1 | Found a runed translucent door.
 56997 | Depths:1 | Found a runed translucent door.
 57000 | Depths:1 | Paralysed by a floating eye for 2 turns
 57190 | Depths:1 | Identified the +1 robe of the Arena {rC+}
 57203 | Depths:1 | Paralysed by a floating eye for 3 turns
 57213 | Arena    | Entered the Arena
 57214 | Arena    | HP: 9/215 [fire giant/bolt of fire (17)]
 57216 | Arena    | Reached XP level 22. HP: 9/224 MP: 19/27
 57245 | Depths:1 | HP: 11/224 [lich/bolt of cold (6)]
 58589 | Depths:2 | Noticed a dread lich
 58743 | Depths:1 | Received a gift from Okawaru
 59847 | Depths:2 | Killed a dread lich
 60102 | Depths:2 | Reached skill level 10 in Throwing
 60533 | Depths:2 | Received a gift from Okawaru
 60588 | Depths:2 | Got Sif Muna's Papyrus of the Glacier
 60589 | Depths:2 | Identified the +2 leather armour "Yghibuxoet" {Str+2 Dex+4}
 61135 | Depths:3 | Found a one-way gateway to a ziggurat.
 61808 | Depths:3 | Reached XP level 23. HP: 39/234 MP: 28/28
 61837 | Depths:3 | HP: 3/234 [hell knight/bolt of fire (10)]
 62426 | Depths:3 | Received a gift from Okawaru
 62651 | Depths:3 | Received a gift from Okawaru
 62902 | Depths:3 | You fall into a shaft and drop 1 floor!
 62902 | Depths:4 | Entered Level 4 of the Depths
 62902 | Depths:4 | Noticed Vv
 62952 | Depths:4 | Killed Vv
 63350 | Depths:3 | Noticed Parghit
 63383 | Depths:3 | Killed Parghit
 64456 | Depths:4 | Found a corrupted altar of Lugonu.
 64731 | Depths:4 | Found a hide-covered altar of Uskayaw.
 64815 | Depths:4 | Found a shadowy altar of Dithmenos.
 65055 | Depths:4 | Found a gate to the Realm of Zot.
 65090 | Depths:4 | Identified the +3 war axe "Spiderbane" {vamp, Dex+4}
                  | (Okawaru gifted it to you on level 4 of the Depths)
 65090 | Depths:4 | Received a gift from Okawaru
 66856 | D:4      | Bought a potion of heal wounds for 70 gold pieces
 66856 | D:4      | Bought a scroll of enchant armour for 105 gold pieces
 67184 | Vaults:5 | Entered Level 5 of the Vaults
 67270 | Vaults:5 | Identified the +0 pair of gloves "Baziag" {Str+3 Stlth+}
                  | (Okawaru gifted it to you on level 5 of the Vaults)
 67270 | Vaults:5 | Received a gift from Okawaru
 67278 | Vaults:5 | Noticed an ancient lich
 67559 | Vaults:5 | Killed an ancient lich
 67716 | Vaults:5 | Reached XP level 24. HP: 246/246 MP: 28/28
 67817 | Vaults:5 | Got a silver rune of Zot
 67928 | Vaults:5 | Identified the ring "Noqud" {Fly Int+5}
 68212 | Vaults:5 | Identified the +4 scale mail "Damnuagi" {Str+4}
 68239 | Vaults:5 | Identified the +4 ring mail of Jioschor {rN+ Will+ Int-5
                  | SInv}
 68251 | Vaults:5 | Noticed a dread lich
 68276 | Vaults:5 | Killed a dread lich
 68425 | Vaults:5 | Identified the ring "Deaw" {rPois rF+}
 68432 | Vaults:5 | Got the Folio of the Land of Plenty
 68555 | Vaults:5 | Noticed a dread lich
 68570 | Vaults:5 | Killed a dread lich
 69167 | Vaults:5 | Noticed an ancient lich
 69180 | Vaults:5 | Killed an ancient lich
 69185 | Vaults:5 | Received a gift from Okawaru
 69609 | Crypt:1  | Entered Level 1 of the Crypt
 69702 | Crypt:1  | Reached skill level 27 in Armour
 69830 | Crypt:1  | Reached skill level 27 in Shields
 69844 | Crypt:1  | Reached skill level 27 in Fighting
 70119 | Crypt:1  | Noticed Grunn
 70133 | Crypt:1  | Killed Grunn
 70991 | Crypt:2  | Found a huge runed gate.
 70991 | Crypt:2  | Found a huge runed gate.
 70992 | Crypt:2  | Found a huge runed gate.
 70993 | Crypt:2  | Found a huge runed gate.
 70993 | Crypt:2  | Found a huge runed gate.
 70994 | Crypt:2  | Found a huge runed gate.
 70994 | Crypt:2  | Found a huge runed gate.
 70995 | Crypt:2  | Found a huge runed gate.
 70995 | Crypt:2  | Found a huge runed gate.
 70995 | Crypt:2  | Found a huge runed gate.
 70996 | Crypt:2  | Found a huge runed gate.
 70997 | Crypt:2  | Found a huge runed gate.
 70998 | Crypt:2  | Found a huge runed gate.
 70999 | Crypt:2  | Found a huge runed gate.
 71000 | Crypt:2  | Found a huge runed gate.
 71357 | Crypt:2  | Found a huge runed gate.
 71358 | Crypt:2  | Found a huge runed gate.
 71358 | Crypt:2  | Found a huge runed gate.
 71460 | Crypt:2  | Received a gift from Okawaru
 71479 | Crypt:2  | Found a huge runed gate.
 71479 | Crypt:2  | Found a huge runed gate.
 71479 | Crypt:2  | Found a huge runed gate.
 71479 | Crypt:2  | Found a huge runed gate.
 71479 | Crypt:2  | Found a huge runed gate.
 71481 | Crypt:2  | Found a huge runed gate.
 71481 | Crypt:2  | Found a huge runed gate.
 71482 | Crypt:2  | Found a huge runed gate.
 71483 | Crypt:2  | Found a huge runed gate.
 71484 | Crypt:2  | Found a huge runed gate.
 71485 | Crypt:2  | Found a huge runed gate.
 71486 | Crypt:2  | Found a huge runed gate.
 71487 | Crypt:2  | Found a huge runed gate.
 71489 | Crypt:2  | Found a huge runed gate.
 71490 | Crypt:2  | Found a huge runed gate.
 71525 | Crypt:2  | Found a huge runed gate.
 71525 | Crypt:2  | Found a huge runed gate.
 71526 | Crypt:2  | Found a huge runed gate.
 71619 | Crypt:2  | Received a gift from Okawaru
 71887 | Crypt:2  | Identified the +7 short sword "Suiwkixt" {vorpal, Int+4}
 72515 | Crypt:1  | Reached XP level 25. HP: 216/249 MP: 28/28
 73262 | Crypt:1  | Received a gift from Okawaru
 73401 | Crypt:3  | Entered Level 3 of the Crypt
 73567 | Abyss:3  | Cast into level 3 of the Abyss (+1 trident of distortion)
 73694 | Abyss:3  | Got an abyssal rune of Zot
 73736 | Crypt:3  | Escaped the Abyss
 73744 | Crypt:3  | Received a gift from Okawaru
 74352 | Crypt:3  | Found a basalt altar of Yredelemnul.
 74353 | Crypt:3  | Noticed an ancient lich
 74354 | Crypt:3  | Noticed Jory
 74359 | Crypt:3  | Killed an ancient lich
 74360 | Crypt:3  | Reached skill level 10 in Invocations
 74374 | Crypt:3  | Killed Jory
 74539 | Crypt:3  | Identified the +6 scimitar of Plog {chaos, rElec rN+}
 74542 | Crypt:3  | Got the Omnibus of Exhumation
 74833 | Crypt:3  | Found a staircase to the Tomb.
 74843 | Crypt:3  | Identified the +6 sling of Wapterar {vorpal, rElec rC+}
 74846 | Crypt:3  | Identified the +0 pair of boots "Tunuwkag" {Drain Fly
                  | Regen+ Stlth+}
 75567 | Tomb:1   | Entered Level 1 of the Tomb of the Ancients
 75710 | Tomb:1   | HP: 3/232 [spore (31)]
 76470 | Tomb:1   | Noticed a royal mummy
 76484 | Tomb:1   | Killed a royal mummy
 77781 | Tomb:1   | Noticed a royal mummy
 77795 | Tomb:1   | Killed a royal mummy
 77795 | Tomb:1   | Received a gift from Okawaru
 78159 | Tomb:2   | Noticed a royal mummy
 78165 | Tomb:2   | Reached skill level 27 in Axes
 78170 | Tomb:2   | Killed a royal mummy
 78173 | Tomb:2   | HP: 7/250 [mummy priest/divine providence (12)]
 78178 | Tomb:2   | HP: 9/250 [??? (7)]
 78191 | Tomb:2   | HP: 10/252 [??? (7)]
 78192 | Tomb:2   | Lost intelligence.
 78192 | Tomb:2   | HP: 3/252 [ushabti] (7)]
 78193 | Tomb:2   | Engulfed by an ushabti's foul pestilence

Illustrated notes

Levels and vault maps discovered:
D:1:      dpeg_arrival_subterranean_lakeside_camping, layout_rooms,
          ebering_ecumenical_altar_webs
D:2:      layout_loops_ring, serial_shops, nicolae_shop_crystal
D:3:      layout_rooms, amcnicky_altar_gilded, minmay_diced_spiral
D:4:      layout_loops_ring, cheibrodos_worm_habitat, nicolae_ru_awakened_eye,
          overflow_temple_1_default, minmay_temple_entry_drinking_statues,
          enter_ossuary_5, serial_shops, kennysheep_mini,
          nicolae_lakefront_shop, shop, nicolae_shop_waterfront
D:5:      minmay_chambers_of_threes, layout_gridville, led_sif_pool,
          mainiacjoe_overflow_catch_the_wave, uniq_menkaure
D:6:      layout_basic, nicolae_elyvilon_peaceful_grove
D:7:      layout_basic, lemuel_coloured_pillars_altar,
          mainiacjoe_overflow_concentric_impassable
D:8:      layout_basic
D:9:      layout_loops_corners, nicolae_qazlal_scattered_showers,
          mainiacjoe_overflow_big_doors, david_orc_2
D:10:     layout_roguey, lemuel_round_altar, minmay_lair_entry_grove,
          uniq_erolcha, uniq_nergalle, uniq_fannar
D:11:     layout_cave_pools, uniq_psyche
D:12:     wad_mega_maze, layout_basic
D:13:     layout_loops_corners, grunt_vaults_entry_tiered,
          kennysheep_generic_room_8, uniq_josephine
D:14:     minmay_the_grid_3x2 [minmay_the_grid_small_cups,
          minmay_the_grid_expand, minmay_the_grid_tree, minmay_the_grid_garden,
          minmay_the_grid_rooms, minmay_the_grid_prize_inner_circle],
          layout_loops_ring, vehumet_crystals, uniq_azrael
D:15:     grunt_enter_depths_snipers, layout_gridville, serial_shops,
          nicolae_shop_waterfront, minmay_misc_feat_nine_boxes, enter_trove_0,
          nicolae_two_hexagons, uniq_kirke
Temple:   corrupted_temple
Lair:1:   minmay_lair_venomous_thicket, layout_gridlike,
          nicolae_quartered_pool_medium, uniq_sonja
Lair:2:   statuecave_lemuel, layout_big_grid, spider_nest_entry_web_field,
          hellmonk_ghost_happy_afterlife, gammafunk_lair_bear_cave
Lair:3:   layout_cave_pods, nicolae_swamp_entry_splash_gauntlet
Lair:4:   layout_roguey, grunt_megastairs_5, infiniplex_staircase_pool,
          lemuel_fruit_fields
Lair:5:   minmay_lair_end_enchanted_forest, layout_loops_ring,
          dpeg_slime_entry_enclosed, basic_altar, nicolae_volcano_entry_batcave
Swamp:1:  layout_falls_marsh, evilmike_swamp_ruin_house_1
Swamp:2:  layout_basic_swamp, gammafunk_ghost_berserking_beasts,
          hangedman_swamp_pad, infiniplex_staircase_pool_2
Swamp:3:  layout_falls_marsh, serial_swamp_ruin, evilmike_swamp_ruin_house_6,
          evilmike_swamp_ruin_house_2, evilmike_swamp_ruin_house_5
Swamp:4:  swamp_basic_johnstein, layout_basic_swamp, swamp_pool1, uniq_mara
Spider:1: layout_spider_delve, hellmonk_narrow_tunnel
Spider:2: layout_spider_delve, portal_ice_cave_entry_pillars_three,
          nicolae_spider_undead_wolf_pack
Spider:3: layout_spider_delve, drop_trap, guppyfry_hornet_nest,
          hangedman_spider_tarantella_strand
Spider:4: grunt_spider_rune_parallel, guppyfry_spider_mini_1, uniq_louise
Orc:1:    layout_caves, minmay_shop_enchanted_jewellery
Orc:2:    st_orc_open, layout_caves, serial_shops, shop
Elf:1:    eino_elf_arrival_the_gate, layout_geoelf_octagon, serial_shops,
          nicolae_lakefront_shop, minmay_elf_necromancy
Elf:2:    nicolae_elf_blades_splatter_lattice
          [nicolae_blade_entry_splitting_headache], layout_geoelf_diagonals,
          serial_shops, shop
Elf:3:    elf_hall, layout_geoelf_octagon, serial_shops,
          nicolae_shop_window_shopping,
          nicolae_elf_vaults_five_recruitment_drive
Vaults:1: nicolae_vaults_windows_and_doors_thing, grunt_vaults_hallway_short,
          ontoclasm_vaults_eye, grunt_vaults_diagonal, vaults_room_door_hall,
          v_misc_9, v_rooms_2, vaults_room_corners, st_octagons_1,
          grunt_vaults_bifocal, v_misc_17, vaults_room_ringed_pool,
          nicolae_vaults_ring_of_whatevers, nicolae_vaults_little_squares_1,
          layout_vaults_maze_snakey, serial_shops,
          nicolae_shop_bloodbath_and_beyond
Vaults:2: minmay_crypt_entry_simple_sparse, vaults_mumra_chevron,
          hangedman_vaults_stream, nicolae_vaults_theta, v_misc_18,
          nicolae_vaults_network_star, grunt_vaults_funnel,
          ontoclasm_vaults_loading_screen, hangedman_vaults_nails,
          layout_vaults_omnibox, serial_shops, shop_coins
Vaults:3: nicolae_vaults_an_arrangement, nicolae_vaults_little_squares_2,
          nicolae_vaults_hallways_thing, hangedman_vaults_pinch,
          hangedman_vaults_slice, nicolae_vaults_network_quincunx
          [nicolae_vaults_network_quincunx_subvault,
          nicolae_vaults_network_quincunx_subvault,
          nicolae_vaults_network_quincunx_subvault,
          nicolae_vaults_network_quincunx_subvault,
          nicolae_vaults_network_quincunx_subvault], vaults_mumra_hexcomb,
          nicolae_vaults_little_squares_5, vaults_dpeg_emergency_exit,
          nicolae_vaults_back_hallway, nicolae_vaults_alarming,
          nicolae_vaults_yaktaur_gun_rack, layout_vaults_omnicross,
          serial_shops, nicolae_shop_crystal
Vaults:4: vaults_mumra_minichess, nicolae_vaults_big_ls, vaults_room_semicircle,
          v_misc_26, v_misc_14, hangedman_vaults_impose,
          ontoclasm_vaults_loading_screen, v_pattern_4,
          nicolae_vaults_border_crossing, layout_vaults_quadrants, serial_shops,
          shop, uniq_saint_roka, uniq_mennas
Vaults:5
Crypt:1:  layout_chaotic_city, lemuel_nasty_fountain, grunt_megastairs_4,
          grunt_crypt_arrival_guarded_gate, uniq_grunn
Crypt:2:  layout_gridlike, not_door_vault_due
Crypt:3:  cryptofortress_bobbens, uniq_jory
Tomb:1
Tomb:2
Depths:1: minmay_expanding_circles, layout_gridville, grunt_mini_vestibule,
          grunt_pan_entry_zigzag, abyss_entry, kennysheep_another_room,
          kennysheep_crisscross, serial_bayou_ford_a,
          chequers_serial_rivers_micro_a, minmay_misc_feat_secret_circle,
          kennysheep_generic_room_13
Depths:2: gammafunk_mikee_crab_dinner, layout_gridville, special_room
          [special_room_morgue], grunt_pan_entry_in_and_out,
          hangedman_abyss_entry_splay, hell_entry
Depths:3: grunt_deathspiral_large, layout_cave_pools, enter_ziggurat_e,
          abyss_entry, mu_enter_wizlab_1, hell_entry, uniq_parghit
Depths:4: grunt_zot_entry_funnels, layout_gridlike, abyss_entry_flame_altar,
          grunt_dithmenos_smoke_and_mirrors, hell_entry, serial_bayou_pond_d,
          nicolae_uskayaw_murder_on_the_dancefloor, serial_bayou_shore_b,
          uniq_vv

Skill      XL: |  1  2  3  4  5  6  7  8  9 10 11 12 13 14 15 16 17 18 19 20 21 22 23 24 25 |
---------------+----------------------------------------------------------------------------+-----
Armour         | 4 5 6 7 8 10 11 12 13 14 16 18 19 20 22 23 24 25 26 27 | 27.0
Shields        | 4 5 6 7 8 9 11 12 13 14 16 18 19 20 22 23 24 25 26 27 | 27.0
Fighting       | 4 5 6 7 8 10 11 12 13 14 16 18 19 20 22 23 24 25 26 27 | 27.0
Axes           | 3 4 5 6 8 10 12 14 15 17 18 19 20 21 22 25 27 | 27.0
Invocations    | 3 5 8 12 | 12.7
Throwing       | 3 5 7 10 | 10.0

Action                   |  1- 3 |  4- 6 |  7- 9 | 10-12 | 13-15 | 16-18 | 19-21 | 22-24 | 25-27 || total
-------------------------+-------+-------+-------+-------+-------+-------+-------+-------+-------++-------
Melee: War axe           |   120 |    94 |   306 |   561 |    21 |   211 |       |       |       ||  1313
       Headbutt          |    10 |    16 |    47 |   136 |   280 |   374 |   350 |   538 |   194 ||  1945
       Broad axe         |       |       |       |    10 |  1022 |  1317 |  1167 |  1586 |   498 ||  5600
       Unarmed           |       |       |       |     7 |    27 |       |       |       |       ||    34
       Trident           |       |       |       |       |       |    97 |       |       |       ||    97
Throw: Dart              |       |       |       |       |     2 |     7 |       |       |       ||     9
       Javelin           |       |       |       |       |     2 |     3 |     9 |    11 |       ||    25
       Boomerang         |       |       |       |       |     1 |       |     1 |       |       ||     2
Invok: Heroism           |       |       |       |     7 |     7 |    15 |     7 |    12 |     1 ||    49
       Finesse           |       |       |       |     4 |    10 |    19 |    10 |    19 |     1 ||    63
       Duel              |       |       |       |       |       |       |     2 |       |       ||     2
  Use: Scroll            |     5 |     3 |     4 |    12 |     7 |     1 |     1 |    12 |     2 ||    47
       Potion            |       |       |     5 |     5 |     5 |     2 |       |     4 |     6 ||    27
 Stab: Petrified         |       |       |       |       |    16 |       |       |       |       ||    16
Armor: Scale mail        |    25 |       |       |       |       |       |       |       |       ||    25
       Chain mail        |    28 |    41 |   124 |       |       |       |       |       |       ||   193
       Plate armour      |       |       |    16 |   216 |   442 |   634 |   260 |   261 |       ||  1829
       Skin              |       |       |       |    30 |    91 |       |       |       |       ||   121
       Gold dragon scale |       |       |       |       |       |       |       |   128 |    93 ||   221
Dodge: Dodged            |    53 |    27 |    80 |   114 |   176 |   313 |   139 |   192 |    36 ||  1130
Block: Buckler           |    22 |    25 |    55 |       |       |       |       |       |       ||   102
       Kite shield       |       |       |    37 |   279 |   429 |       |       |       |       ||   745
       Tower shield      |       |       |       |       |   195 |  1874 |  1004 |  1540 |   506 ||  5119
       Reflection        |       |       |       |       |       |    21 |    96 |    26 |     6 ||   149
